 Dungeon Crawl Stone Soup version 0.29-a0-234-g0dae59b3db (webtiles) character file.

Game seed: 4857484564087212116

42 inmateoo the Skirmisher (level 3, -7/29 HPs)
             Began as a Demonspawn Monk on Mar 2, 2022.
             Killed from afar by Sigmund (11 damage)
             ... with a puff of flame
             ... on level 2 of the Dungeon.
             The game lasted 00:02:05 (2345 turns).

inmateoo the Skirmisher (Demonspawn Monk)           Turns: 2345, Time: 00:02:06

Health: -7/29      AC:  3    Str: 11    XL:     3   Next: 33%
Magic:  1/3        EV: 12    Int: 13    God:
Gold:   45         SH:  0    Dex: 15    Spells: 1/2 levels left

rFire   . . .      SeeInvis .     - Unarmed
rCold   . . .      Faith    .   (no shield)
rNeg    . . .      Spirit   .   h - +0 leather armour
rPois   .          Reflect  .   (no helmet)
rElec   .          Harm     .   (no cloak)
rCorr   .          Rampage  .   (no gloves)
Will    .....                   (no boots)
Stlth   +.........              (no amulet)
HPRegen 0.09/turn               (no ring)
MPRegen 0.08/turn               (no ring)

@: confused
A: large bone plates 2
a: no special abilities


You were on level 2 of the Dungeon.
You visited 1 branch of the dungeon, and saw 2 of its levels.

You collected 45 gold pieces.

Inventory:

Missiles
 f - 7 poisoned darts (quivered)
Armour
 h - a +0 leather armour (worn)
Scrolls
 b - a scroll of magic mapping {unknown}
 c - 2 scrolls of identify {unknown}
 d - a scroll of teleportation {unknown}
 e - a scroll of immolation {unknown}
 g - a scroll of holy word {unknown}
Potions
 a - a potion of heal wounds {unknown}


   Skills:
 + Level 3.3 Fighting
 + Level 1.0 Armour
 + Level 3.0 Dodging
 - Level 1.7 Stealth
 * Level 3.3 Unarmed Combat
 + Level 0.0 Spellcasting
 + Level 0.0 Poison Magic


You had one spell level left.
You knew the following spells:

 Your Spells              Type           Power      Damage    Failure   Level
a - Sting                 Tmut/Pois      0%         1d3       38%         1

Your spell library contained the following spells:

 Spells                   Type           Power      Damage    Failure   Level
 Shock                    Conj/Air       0%         1d3       38%         1
 Poisonous Vapours        Pois/Air       0%         N/A       52%         2
 Dazzling Flash           Conj/Hex       0%         N/A       77%         3
 Olgreb's Toxic Radiance  Pois           0%         N/A       99%         4
 Agony                    Necr           0%         N/A       100%        5
 Silence                  Hex/Air        0%         N/A       100%        5


Dungeon Overview and Level Annotations

Branches:
Dungeon (2/15)

Altars:
Kikubaaqudgha

Annotations:
D:2 Sigmund


Innate Abilities, Weirdness & Mutations

You are mostly covered in large bone plates. (SH +6)


Message History

Sigmund appears from thin air!
Reactivating autopickup.
Sigmund gestures at you while chanting. The puff of flame hits you!
Casting: Sting (safe; 38% risk of failure)
Confirm with . or Enter, or press ? or * to list all spells.
Aiming: Sting (safe; 38% risk of failure)
Press: ? - help, Shift-Dir - straight line, f/p - Sigmund
Aim: Sigmund, wielding a +0 scythe and wearing a +0 robe (lightly wounded, 60% to hit)
The sting misses Sigmund.
Casting: Sting (safe; 38% risk of failure)
Confirm with . or Enter, or press ? or * to list all spells.
Aiming: Sting (safe; 38% risk of failure)
Press: ? - help, Shift-Dir - straight line, f/p - Sigmund
Aim: Sigmund, wielding a +0 scythe and wearing a +0 robe (lightly wounded, 60% to hit)
The sting hits Sigmund.
Sigmund is poisoned.
Sigmund is moderately wounded.
Sigmund points at you and mumbles some strange words.
You are confused.
You bump into the rock wall.
Sigmund gestures at you while chanting. The magic dart hits you!
You bump into the rock wall.
Sigmund gestures at you while chanting.
You are more confused.
You bump into the rock wall.
Sigmund asks, "Do you like me?"
Sigmund hits you from afar with a +0 scythe!
* * * LOW HITPOINT WARNING * * *
You're too confused to move!
Sigmund mumbles some strange words.
Sigmund flickers and vanishes!
Deactivating autopickup; reactivate with Ctrl-A.
You bump into the rock wall.
Something hits you.
* * * LOW HITPOINT WARNING * * *
You barely miss something.
You hear some strange, mumbled words.
A puff of flame appears from out of thin air!
The puff of flame hits you!
You die...

## ###. #... #######.##
#####.......##
#####(.((.####....
#######.....#######...##
.#.$....@##########...#..
.........{...........#.##
##.##############...#.#P.
##.#.#.## ###.....#
##.#.#.#. ........##
#.....^.. #..._...#
#........ .
#......#####.#..####
#######
#.##.........##....#


There were no monsters in sight!

Vanquished Creatures
  An adder (D:2)
  2 endoplasms (D:1)
  A giant cockroach (D:1)
  4 goblins
  2 hobgoblins
  4 jackals (D:1)
  2 kobolds (D:1)
  2 quokkas (D:1)
  4 ball pythons
  5 bats
  A frilled lizard (D:1)
  3 rats
31 creatures vanquished.

Notes
Turn   | Place    | Note
-------+----------+-------------------------------------------
     0 | D:1      | inmateoo the Demonspawn Monk began the quest for the Orb.
     0 | D:1      | Reached XP level 1. HP: 18/18 MP: 1/1
   722 | D:1      | Gained mutation: You are partially covered in large bone
                  | plates. (SH +4) [demonic ancestry]
   722 | D:1      | Reached XP level 2. HP: 17/24 MP: 2/2
  1876 | D:2      | Gained mutation: You are mostly covered in large bone
                  | plates. (SH +6) [demonic ancestry]
  1876 | D:2      | Reached XP level 3. HP: 29/29 MP: 3/3
  1943 | D:2      | Reached skill level 1 in Armour
  2237 | D:2      | Found an ancient bone altar of Kikubaaqudgha.
  2244 | D:2      | Learned a level 1 spell: Sting
  2254 | D:2      | Found a faded altar of an unknown god.
  2262 | D:2      | Got Plato's Volume of the Birds
  2287 | D:2      | Noticed Sigmund
  2345 | D:2      | Killed from afar by Sigmund

Illustrated notes

Levels and vault maps discovered:
D:1:      dpeg_arrival_chambers_temple_mockup, layout_loops_ring
D:2:      layout_rooms, shapermc_ecumenical_altar_rom_forum, basic_altar,
          grunt_ministairs_10, wad_floor_pattern_untrapped,
          grunt_decor_fettered, uniq_sigmund

Skill      XL: |  1  2  3 |
---------------+----------+-----
Unarmed Combat | 3 |  3.3
Armour         | 1 |  1.0
Dodging        | 3 |  3.0
Fighting       | |  3.3
Stealth        | |  1.7

Action                   || total
-------------------------++-------
Melee: Unarmed           ||   126
       Punch             ||     1
Throw: Dart              ||     3
 Cast: Sting             ||     2
 Stab: Sleeping          ||     6
       Distracted        ||     1
Armor: Robe              ||    16
       Leather armour    ||     4
Dodge: Dodged            ||    60
Block: Other             ||    16

Table legend: (Time is in decaauts)
 A = Elapsed time spent in this place.
 B = Non-inter-level travel time spent in this place.
 C = Inter-level travel time spent in this place.
 D = Time resting spent in this place.
 E = Time spent auto-exploring this place.
 F = Levels seen in this place.
 G = Mean time per level.
                   A        B        C        D        E       F      G
               +--------+--------+--------+--------+--------+-----+--------+
         Total |   2338 |   2247 |     91 |   1130 |    759 |   2 | 1169.0 |
       Dungeon |   2338 |   2247 |     91 |   1130 |    759 |   2 | 1169.0 |
               +--------+--------+--------+--------+--------+-----+--------+

Top non-repeatable levels by time:
     D:1: 1869 daAuts
     D:2: 469 daAuts
